Map: [ESL] Moondance

Players

Krystianer

  • Race: Protoss Protoss
  • Spawn Location: 12:00

NightMare - Winner!

  • Race: Protoss Protoss
  • Spawn Location: 6:00

Event: DreamHack SC2 Masters 2022 Valencia

VOD

Have the link to the VOD?

Description

Time

  • Played on: July 1, 2022, 1:39 p.m.
  • Length: 6:49

All games in this series

Show
View Real Time Build Order
Export as new Build Order

Krystianer Protoss 

Build Orders:  

Get SALT Encoding   

  12  0:00  Probe  
  13  0:12  Probe  
  14  0:17  Pylon  
  14  0:24  Probe (Chrono Boost)  
  16  0:36  Probe (Chrono Boost)  
  16  0:37  Gateway  
  16  0:42  Probe (Chrono Boost)  
  16  0:45  Assimilator  
  17  0:50  Probe  
  17  0:53  Assimilator  
  18  1:03  Probe (Chrono Boost)  
  19  1:08  Gateway  
  20  1:12  Probe (Chrono Boost)  
  20  1:17  Probe (Chrono Boost)  
  20  1:24  Cybernetics Core  
  21  1:29  Probe  
  22  1:36  Pylon  
  22  1:41  Probe  
  23  1:54  Probe  
  23  1:57  Warp Gate (Chrono Boost)  
  23  2:00  Adept x2  
  28  2:06  Probe  
  29  2:09  Shield Battery  
  29  2:16  Pylon  
  29  2:19  Probe  
  30  2:34  Adept x2  
  34  2:52  Nexus  
  34  3:04  Adept x2  
  38  3:16  Probe, Robotics Facility  
  39  3:23  Pylon  
  35  3:29  Probe  
  36  3:34  Gateway  
  35  3:44  Adept x2  
  39  4:00  Immortal (Chrono Boost)  
  37  4:05  Probe  
  37  4:06  Probe  
  43  4:12  Sentry x2  
  47  4:19  Shield Battery  
  47  4:33  Immortal (Chrono Boost)  
  51  4:43  Pylon  
  51  5:01  Nexus  
  51  5:07  Pylon  
  47  5:21  Probe (Chrono Boost)  
  47  5:27  Warp Prism  
  48  5:33  Probe (Chrono Boost)  
  48  5:35  Sentry x3  
  53  5:37  Probe (Chrono Boost)  
  52  5:51  Pylon  
  52  5:53  Pylon  
  52  6:01  Stalker  
  54  6:09  Sentry  
  54  6:10  Probe  
  56  6:17  Probe  
  54  6:22  Probe  
  53  6:30  Pylon  
  53  6:31  Stalker, Probe  
  53  6:34  Probe  
Show
View Real Time Build Order
Export as new Build Order

NightMare Protoss - Winner!

Build Orders:  

Get SALT Encoding   

  12  0:00  Probe  
  13  0:12  Probe  
  14  0:17  Pylon  
  14  0:24  Probe (Chrono Boost)  
  15  0:36  Probe (Chrono Boost), Gateway  
  16  0:45  Probe (Chrono Boost)  
  16  0:49  Assimilator  
  17  0:50  Probe  
  17  0:54  Assimilator  
  18  1:03  Probe (Chrono Boost)  
  19  1:07  Gateway  
  20  1:12  Probe (Chrono Boost)  
  20  1:17  Probe (Chrono Boost)  
  20  1:24  Cybernetics Core  
  21  1:29  Probe  
  22  1:35  Pylon  
  22  1:41  Probe  
  23  1:53  Probe  
  24  1:59  Warp Gate (Chrono Boost)  
  24  2:01  Stalker x2  
  28  2:13  Pylon  
  28  2:31  Stalker x2  
  28  2:35  Robotics Facility  
  31  2:44  Gateway  
  31  3:01  Stalker x2  
  35  3:07  Shield Battery  
  35  3:20  Warp Prism (Chrono Boost)  
  37  3:37  Pylon  
  37  3:46  Twilight Council  
  37  3:54  Pylon  
  35  4:15  Stalker x3  
  41  4:34  Gateway  
  41  4:44  Pylon  
  41  4:48  Blink (Chrono Boost)  
  40  5:01  Pylon  
  40  5:06  Nexus  
  40  5:15  Stalker x2  
  40  5:18  Stalker  
  46  5:28  Probe  
  47  5:32  Observer  
  48  5:40  Probe  
  49  5:46  Adept x3  
  55  5:52  Pylon  
  55  6:21  Sentry x2  
  55  6:22  Sentry  
  55  6:24  Probe  
  60  6:35  Probe  
  60  6:36  Probe  
  56  6:46  Stalker x3  

Tags
 
Add a new tag
Caveats
  • Supply blocks, unpowered buildings, or Contaminate may cause inaccurate times.
  • Supply counts are checked every 10 seconds.